cohdb
Replays
Latest Replays
All Replays
Popular Replays
Top Player Replays
Match Explorer
How It Works
Community
CoH3 Stats
Reddit
Sign in to upload your games and track your stats! →
Sign in with Steam
Match 35104167
Unlisted
Match 35104167
Overview
Messages
Build Orders
End
Panzergrenadier Squad
250 Light Carrier
Panzergrenadier Squad
Construct Light Support Kompanie
Combat Half-tracks
Panzerjäger Squad
Selects Armored Support Battlegroup
Assault Mechanized Group
Construct Mechanized Kompanie
Selects Veteran Gunners
Support Armor Elements
StuG III D Assault Gun
Marder III Tank Destroyer
Selects Salvage Kits
Selects Panzer Storm
Pak 38 Mechanized Group
yapster
HIMYNAMEISHO
waynoss88
Squigergy
parsnip9510
想个名字真难
Insomnia
dkdkabc
0
0
Comments
sign in to comment!
No comments posted yet!